 Dungeon Crawl Stone Soup version 0.31-a0-188-g5e087ee2ca (webtiles) character file.

Game seed: 9217047467019185841

5490 Anon1729 the Cleaver (level 10, -6/91 HPs)
             Began as a Minotaur Monk on June 23, 2023.
             Was a Follower of Uskayaw.
             Mangled by an eight-headed hydra (7 damage)
             ... on level 9 of the Dungeon.
             The game lasted 00:05:06 (9367 turns).

Anon1729 the Cleaver (Minotaur Monk)                Turns: 9367, Time: 00:05:07

Health: -6/91      AC: 12    Str: 20    XL:     10   Next: 42%
Magic:  8/14       EV: 11    Int: 13    God:    Uskayaw [*.....]
Gold:   530        SH:  5    Dex: 13    Spells: 9/9 levels left

rFire   . . .        y - +3 hand axe (freeze)
rCold   . . .        d - orb {light}
rNeg    . . .        f - +0 chain mail
rPois   .            (helmet restricted)
rElec   .            (no cloak)
rCorr   .            (no gloves)
SInv    .            q - +0 pair of boots
Will    .....        k - amulet of reflection Stlth
                     i - +6 ring of intelligence
HPRegen 0.35/turn    (no ring)
MPRegen 0.14/turn

%: reflection
@: glowing
A: horns 2, retaliatory headbutt
a: Renounce Religion, Stomp


You were on level 9 of the Dungeon.
You worshipped Uskayaw.
Uskayaw was noncommittal.
You visited 2 branches of the dungeon, and saw 10 of its levels.

You collected 530 gold pieces.

Inventory:

Hand Weapons
 a - a +4 hand axe
 y - a +3 hand axe of freezing (weapon)
Missiles
 p - 3 throwing nets
Armour
 d - an orb of light (worn)
 f - a +0 chain mail (worn)
 q - a +0 pair of boots (worn)
Jewellery
 i - a +6 ring of intelligence (left hand)
 k - an amulet of reflection (around neck)
Wands
 t - a wand of quicksilver (7)
 u - a wand of flame (43)
Scrolls
 l - 2 scrolls of teleportation
 m - 3 scrolls of enchant weapon
 r - a scroll of brand weapon
 s - a scroll of immolation
 v - 3 scrolls of silence
 x - a scroll of blinking
 z - a scroll of poison {unknown}
 B - a scroll of enchant armour {unknown}
 C - 3 scrolls of vulnerability
Potions
 b - a potion of degeneration {unknown}
 c - a potion of ambrosia
 e - 2 potions of mutation
 g - 2 potions of enlightenment {unknown}
 h - 6 potions of curing
 j - a potion of attraction {unknown}
 n - 2 potions of haste {unknown}
 o - a potion of cancellation {unknown}
 w - a potion of invisibility {unknown}
 A - a potion of heal wounds {unknown}
 E - a potion of resistance {unknown}


   Skills:
 + Level 9.1 Fighting
 + Level 9.2 Axes
 + Level 8.3 Armour
 + Level 8.4 Dodging
 + Level 6.8 Invocations


You had 9 spell levels left.
You didn't know any spells.
Your spell library contained the following spells:

 Spells                   Type           Power      Damage    Failure   Level
 Kiss of Death            Conj/Necr      0%         2d5       88%         1
 Ozocubu's Armour         Ice            0%         N/A       99%         3
 Vhi's Electric Charge    Tloc/Air       0%         N/A       99%         3
 Arcjolt                  Conj/Air       0%         1d10      100%        5
 Plasma Beam              Fire/Air       0%         2x1d10    100%        6
 Ozocubu's Refrigeration  Ice            0%         4d7       100%        7
 Chain Lightning          Conj/Air       0%         N/A       100%        9
 Fire Storm               Conj/Fire      0%         5d1       100%        9


Dungeon Overview and Level Annotations

Branches:
Dungeon (9/15)             Temple (1/1) D:7            Lair (0/5) D:8
    Orc: D:9-12

Altars:
Ashenzari
Cheibriados
Dithmenos
Elyvilon
Fedhas
Gozag
Hepliaklqana
Kikubaaqudgha
Makhleb
Nemelex Xobeh
Okawaru
Qazlal
Ru
Sif Muna
Trog
Uskayaw
Vehumet
Wu Jian
Xom
Yredelemnul
Zin
The Shining One

Annotations:
D:4 3 runed translucent doors, Xoff's ghost, amateur OpCj
D:7 2 transporters, oufanbear's ghost, novice MiFi


Innate Abilities, Weirdness & Mutations

You have a pair of horns on your head.
You reflexively headbutt those who attack you in melee.


Message History

The eight-headed hydra closely misses you.
You block the eight-headed hydra's attack.
The eight-headed hydra bites you. The eight-headed hydra misses you.
You stomp with the beat, sending a shockwave through the revellers around you!
The eight-headed hydra is heavily wounded.
You can no longer stomp with the beat.
The eight-headed hydra bites you!
The eight-headed hydra bites you but does no damage. x3
The eight-headed hydra bites you! The eight-headed hydra bites you.
The eight-headed hydra bites you but does no damage.
The eight-headed hydra barely misses you.
You can now stomp with the beat.
Aiming: Quicksilver Bolt
Press: ? - help, Shift-Dir - straight line, f - eight-headed hydra
Aim: an eight-headed hydra (heavily wounded, haloed, 93% to hit)
The bolt of dispelling energy hits the eight-headed hydra!
The eight-headed hydra is severely wounded.
The eight-headed hydra bites you. The eight-headed hydra bites you!
The eight-headed hydra bites you.
* * * LOW HITPOINT WARNING * * *
The eight-headed hydra barely misses you.
The eight-headed hydra bites you!
* * * LOW HITPOINT WARNING * * *
You block the eight-headed hydra's attack.
The eight-headed hydra barely misses you.
The eight-headed hydra bites you.
* * * LOW HITPOINT WARNING * * *
Aiming: Quicksilver Bolt
Press: ? - help, Shift-Dir - straight line, f - wyvern, p - eight-headed hydra
Aim: a wyvern (heavily wounded, haloed, 81% to hit)
The bolt of dispelling energy hits the eight-headed hydra!
The eight-headed hydra is almost dead.
The bolt of dispelling energy hits the wyvern!
You kill the wyvern!
The eight-headed hydra bites you!
* * * LOW HITPOINT WARNING * * *
The eight-headed hydra bites you.
* * * LOW HITPOINT WARNING * * *
The eight-headed hydra bites you!
You die...

#.# #.# ..# #.# #.# .. #### ..'
+.# #.# ..##### #... ..# #.# #.#
..#...# #... ..# #.#
#.#####..#...####... ..#####.#
#.......##..........
........######.......#.[......###
.....................#........#..
................@....#........#..
..########.....##D##.#........#..
..#......#.....#.†.# #...........
))#......#.....#...# #.....#.....
.)#......+.....#...# #.....#.....
))######'#.....#...# #.....#.#.#.
.))............#...# #.....#.....
...###'##......#...# #.....#.....
...'.)))#......#...# #..####.#.#.


You could see an eight-headed hydra.

Vanquished Creatures
  Prince Ribbit (D:6)
  2 hornets (D:7)
  2 wyverns
  3 wargs (D:8)
  An acid dragon (D:8)
  2 ice beasts
  2 black bears
  A sky beast (D:7)
  3 orc warriors
  2 ogres
  3 centaurs
  2 phantoms
  A kobold brigand (D:6)
  3 bullfrogs
  Blork the orc (D:5)
  3 scorpions (D:5)
  20 wights
  4 killer bees (D:8)
  2 howler monkeys (D:5)
  2 jellies
  3 hounds
  8 iguanas
  7 orc priests
  2 sleepcaps
  8 orc wizards
  8 gnolls
  9 adders
  3 shadow imps
  A white imp (D:6)
  2 ufetubi
  6 worms
  A dart slug (D:1)
  43 orcs
  6 ball pythons
  10 bats
  9 endoplasms
  3 giant cockroaches
  13 goblins
  9 hobgoblins
  2 jackals
  5 quokkas
  6 frilled lizards
  12 kobolds
  6 rats
242 creatures vanquished.

Notes
Turn   | Place    | Note
-------+----------+-------------------------------------------
     0 | D:1      | Anon1729 the Minotaur Monk began the quest for the Orb.
     0 | D:1      | Reached XP level 1. HP: 19/19 MP: 0/0
   182 | D:1      | Reached XP level 2. HP: 27/27 MP: 1/1
   367 | D:1      | Found a faded altar of an unknown god.
   477 | D:1      | Reached skill level 1 in Armour
   645 | D:1      | Reached skill level 1 in Invocations
   647 | D:1      | Reached XP level 3. HP: 32/33 MP: 2/2
  1365 | D:2      | Got the Lessons on Battle Magic
  1476 | D:2      | Reached XP level 4. HP: 29/40 MP: 4/4
  2168 | D:3      | Reached XP level 5. HP: 47/47 MP: 5/5
  2902 | D:3      | Reached XP level 6. HP: 55/55 MP: 6/6
  3143 | D:4      | Noticed an ice beast
  3157 | D:4      | Killed an ice beast
  3158 | D:4      | Reached skill level 5 in Fighting
  3158 | D:4      | Reached skill level 5 in Axes
  3310 | D:4      | Noticed Xoff's ghost (amateur OpCj)
  3311 | D:4      | Noticed an ice beast
  3338 | D:4      | Found a runed translucent gate.
  3338 | D:4      | Found a runed translucent gate.
  3338 | D:4      | Found a runed translucent gate.
  3799 | D:4      | Reached skill level 5 in Dodging
  3799 | D:4      | Reached XP level 7. HP: 61/61 MP: 8/8
  3892 | D:5      | Entered Level 5 of the Dungeon
  3996 | D:5      | Noticed Blork the orc
  4009 | D:5      | Killed Blork the orc
  4461 | D:5      | Reached XP level 8. HP: 53/70 MP: 9/9
  4603 | D:5      | Reached skill level 5 in Armour
  5490 | D:6      | Noticed Prince Ribbit
  5498 | D:6      | Killed Prince Ribbit
  5715 | D:6      | Reached skill level 5 in Invocations
  5771 | D:6      | Reached XP level 9. HP: 65/79 MP: 11/11
  6477 | D:7      | Found a transporter.
  6495 | D:7      | Found an iron altar of Okawaru.
  6503 | D:7      | Found a snail-covered altar of Cheibriados.
  6504 | D:7      | Found an ornate altar of the Wu Jian Council.
  6505 | D:7      | Found a shimmering blue altar of Sif Muna.
  6505 | D:7      | Found a basalt altar of Yredelemnul.
  6505 | D:7      | Found a shadowy altar of Dithmenos.
  6505 | D:7      | Found a white marble altar of Elyvilon.
  6507 | D:7      | Found a sparkling altar of Nemelex Xobeh.
  6509 | D:7      | Found a sacrificial altar of Ru.
  6538 | D:7      | Noticed oufanbear's ghost (novice MiFi)
  6541 | D:7      | Found a transporter.
  6549 | D:7      | Found an ancient bone altar of Kikubaaqudgha.
  6598 | D:7      | Found a staircase to the Ecumenical Temple.
  6619 | D:7      | Paralysed by a hornet for 1 turns
  6623 | D:7      | HP: 1/79 [hornet (6)]
  6624 | D:7      | Paralysed by a hornet for 1 turns
  6633 | Temple   | Entered the Ecumenical Temple
  7050 | Temple   | Became a worshipper of Uskayaw the Reveller
  7050 | Temple   | Reached * piety under Uskayaw
  7182 | D:7      | Reached ** piety under Uskayaw
  7188 | D:7      | Reached *** piety under Uskayaw
  7191 | D:7      | Reached **** piety under Uskayaw
  7647 | D:7      | Reached ***** piety under Uskayaw
  7748 | D:7      | Paralysed by a hornet for 2 turns
  8120 | D:8      | Reached XP level 10. HP: 65/90 MP: 13/13
  8133 | D:8      | Reached ****** piety under Uskayaw
  8134 | D:8      | Found a staircase to the Lair.
  8881 | D:8      | Found the +7 Spriggan's Knife {stab, EV+4 Stlth+}
  9358 | D:9      | Noticed an eight-headed hydra
  9367 | D:9      | HP: 2/91 [eight-headed hydra (11)]
  9367 | D:9      | Mangled by an eight-headed hydra

Illustrated notes

Levels and vault maps discovered:
D:1:      dpeg_arrival_rooms_c, layout_loops_corners,
          hellmonk_ecumenical_altar_zigzags
D:2:      layout_loops_ring, serial_bayou_pond_a, minmay_pentomino_t4
D:3:      layout_rooms, minmay_diced_spiral
D:4:      layout_loops_cross, gammafunk_ghost_icy, corexii_leaking_fountain
D:5:      minmay_recursive_quarters, layout_basic, uniq_blork_the_orc
D:6:      layout_loops_cross, uniq_prince_ribbit1
D:7:      layout_rooms, mainiacjoe_overflow_paths, minitemple,
          minmay_temple_entry_wispy, gammafunk_ghost_arena,
          kennysheep_generic_room_8
D:8:      layout_rooms, erik_lair_orcish_takeover
D:9:      layout_irregular_city, amcnicky_mini_pool_small, columned_hall_lemuel
Temple:   minmay_temple_bridge_abc

Skill      XL: |  1  2  3  4  5  6  7  8  9 10 |
---------------+-------------------------------+-----
Armour         | 1 2 3 4 6 7 8 |  8.3
Invocations    | 1 2 3 5 6 |  6.8
Axes           | 4 5 6 7 8 9 |  9.2
Fighting       | 4 5 6 7 8 9 |  9.1
Dodging        | 4 5 6 7 8 |  8.4

Action                     |  1- 3 |  4- 6 |  7- 9 | 10-12 || total
---------------------------+-------+-------+-------+-------++-------
  Melee: Hand axe          |    78 |   177 |   280 |    71 ||   606
         Headbutt          |    17 |    36 |    80 |    19 ||   152
 Invoke: Stomp             |       |       |       |     2 ||     2
  Evoke: Wand              |       |       |     1 |     2 ||     3
    Use: Scroll            |       |       |     9 |     1 ||    10
         Potion            |       |       |     1 |       ||     1
   Stab: Paralysed         |       |       |    27 |    16 ||    43
 Armour: Robe              |    15 |    15 |       |       ||    30
         Chain mail        |       |    39 |   126 |    17 ||   182
  Dodge: Dodged            |    54 |    99 |   126 |    53 ||   332
  Block: Orb               |       |     8 |    59 |    14 ||    81
         Reflection        |       |       |     1 |     1 ||     2

Table legend: (Time is in decaauts)
 A = Elapsed time spent in this place.
 B = Non-inter-level travel time spent in this place.
 C = Inter-level travel time spent in this place.
 D = Time resting spent in this place.
 E = Time spent auto-exploring this place.
 F = Levels seen in this place.
 G = Mean time per level.
                   A        B        C        D        E       F      G
               +--------+--------+--------+--------+--------+-----+--------+
         Total |   9374 |   8917 |    457 |    740 |   6904 |  10 |  937.4 |
       Dungeon |   8922 |   8499 |    423 |    740 |   6509 |   9 |  991.3 |
        Temple |    451 |    417 |     34 |      0 |    395 |   1 |  451.0 |
               +--------+--------+--------+--------+--------+-----+--------+

Top non-repeatable levels by time:
     D:5: 1551 daAuts
     D:1: 1139 daAuts
     D:8: 1059 daAuts
     D:7: 1032 daAuts
     D:2: 1028 daAuts
     D:6: 995 daAuts
     D:4: 947 daAuts
     D:3: 822 daAuts
  Temple: 451 daAuts
     D:9: 346 daAuts
